 Dungeon Crawl Stone Soup version 0.28.0-53-g5a82cb258f (webtiles) character file.

Game seed: 4466418698003881190

387 firemarshallily the Sneak (level 6, -8/43 HPs)
             Began as an Octopode Brigand on June 28, 2022.
             Mangled by Menkaure (9 damage)
             ... in an ossuary.
             The game lasted 00:10:48 (4527 turns).

firemarshallily the Sneak (Octopode Brigand)        Turns: 4527, Time: 00:10:48

Health: -8/43      AC:  1    Str: 10    XL:     6   Next: 78%
Magic:  6/6        EV: 12    Int: 14    God:
Gold:   81         SH:  0    Dex: 15    Spells: 5/5 levels left

rFire   . . .      SeeInvis .   a - +3 dagger
rCold   . . .      Faith    .   (no shield)
rNeg    . . .      Spirit   .   (helmet restricted)
rPois   .          Reflect  .   (no amulet)
rElec   .          Harm     .   (no ring)
rCorr   .          Rampage  .   (no ring)
Will    .....                   (no ring)
Stlth   +++++.....              (no ring)
HPRegen 0.14/turn               (no ring)
MPRegen 0.10/turn               (no ring)
                                (no ring)
                                (no ring)

@: mighty, invisible
A: almost no armour, amphibious, 8 rings, camouflage 1, gelatinous body 1,
(nimble swimmer 1), tentacles
a: no special abilities


You were in an ossuary.
You visited 1 branch of the dungeon, and saw 4 of its levels.
You also visited: Ossuary.

You collected 81 gold pieces.

Inventory:

Hand Weapons
 a - a +3 dagger (weapon)
Missiles
 b - 8 poisoned darts (quivered)
 c - 2 curare-tipped darts
Wands
 k - a wand of paralysis (6)
Scrolls
 l - a scroll of blinking
Potions
 d - 2 potions of flight
 f - a potion of brilliance
 g - a potion of might
 n - a potion of attraction {unknown}


   Skills:
 + Level 3.8 Fighting
 * Level 5.1 Short Blades
 - Level 2.0 Throwing
 - Level 1.0 Dodging
 + Level 7.1 Stealth


You had 5 spell levels left.
You didn't know any spells.
Your spell library contained the following spells:

 Spells                   Type           Power      Damage    Failure   Level
 Sandblast                Erth           0%         2d4       28%         1
 Ensorcelled Hibernation  Hex/Ice        0%         N/A       41%         2
 Passwall                 Tmut/Erth      0%         N/A       41%         2
 Stone Arrow              Conj/Erth      0%         3d7       65%         3
 Swiftness                Air            0%         N/A       65%         3
 Alistair's Intoxication  Tmut/Pois      0%         N/A       100%        5
 Borgnjor's Vile Clutch   Necr/Erth      0%         N/A       100%        5
 Eringya's Noxious Bog    Tmut/Pois      0%         N/A       100%        6


Dungeon Overview and Level Annotations

Branches:
Dungeon (4/15)            Ossuary (1/1)
 Temple: D:4-7

Altars:

Shops:
D:1 ((=   D:2 :

Annotations:
D:3 3 runed translucent doors, CopperCrow's ghost, weakling PaWr Ossuary Menkaure


Innate Abilities, Weirdness & Mutations

You cannot wear most types of armour.
You are amphibious.
You can wear up to eight rings at the same time.
Your skin changes colour to match your surroundings (Stealth+).
Your rubbery body absorbs attacks. (AC +1, EV +1)
((You are camouflaged when in or above water. (Stealth+)))
You have tentacles for arms and can constrict up to eight enemies at once.


Message History

Press: ? - help, Dir - move target
As you read the scroll labelled CIGIABL UTUASS, it crumbles to dust.
It was a scroll of blinking.
There is a gate leading back out of this place here.
As you read the scroll labelled QIEZAQ PAHEWN, it crumbles to dust.
You speak a Word of immense power!
It was a scroll of holy word.
As you read the scroll labelled WIUVVO SAZEM, it crumbles to dust.
You feel aware of your surroundings.
It was a scroll of magic mapping.
As you read the scroll labelled XECVUI VOEMU, it crumbles to dust.
You hear a loud clanging noise!
It was a scroll of noise.
As you read the scroll labelled MOSY WAPOZIS, it crumbles to dust.
You feel strangely unstable.
It was a scroll of teleportation.
Your surroundings suddenly seem different.
There is an open door here.
There is an open door here.
There is an open door here.
There is an open door here.
As you open the door, it creaks loudly!
Menkaure shouts!
You hit Menkaure. You grab Menkaure. You squeeze Menkaure.
Menkaure is moderately damaged.
You constrict Menkaure, but do no damage.
Menkaure mumbles some strange words.
Menkaure seems to speed up.
You hit Menkaure.
Menkaure is moderately damaged.
You constrict Menkaure, but do no damage.
Menkaure hits you!!
You hit Menkaure but do no damage.
Menkaure is moderately damaged.
You constrict Menkaure. Menkaure hits you!!
Ouch! That really hurt!
* * * LOW HITPOINT WARNING * * *
It was a potion of might.
You feel very mighty all of a sudden.
You constrict Menkaure. Menkaure barely misses you.
It was a potion of invisibility.
You fade into invisibility!
You constrict Menkaure. Menkaure hits you!
You die...

#..#.#....#....#....#....#
#..#.#####################
#..###....#,,,,,,,,,#....#
#..'.'....#,,,,,.,,,#....#
#..#.#....#,,,,!?,,,#....#
#..#.#....#,,,M$?,,,#....'
#..########,,?M∩M,,,######
#..'.'....#,.!M$?,,,#....#
#..#.#...@#...M??,,,#....'
#..#.#....MMM....,,,#....#
#..###....#......,,,#....#
#..'.#####################
#..#.#....#....#....#....'
#..#.#....#....#....#....#
#..###....#....#....#....#
#..'.#....#....#....#....#
#..#.#'######'##'#########


You could see Menkaure (fast) and 2 mummies.

Vanquished Creatures
  An elf zombie (Ossuary)
  3 centaur zombies (Ossuary)
  An orc priest (D:3)
  An orc wizard (D:3)
  2 ogre zombies (Ossuary)
  2 mummies (Ossuary)
  2 adders (D:2)
  An adder zombie (Ossuary)
  An adder skeleton (D:4)
  2 dart slugs
  6 orcs (D:3)
  5 ball pythons
  6 endoplasms
  2 giant cockroaches
  A gnoll zombie (Ossuary)
  6 goblins
  A hobgoblin (D:3)
  5 kobolds
  3 quokkas
  4 bats
  3 frilled lizards
  5 goblin zombies (Ossuary)
  4 hobgoblin zombies (Ossuary)
  3 kobold zombies (Ossuary)
  3 quokka zombies (Ossuary)
  2 rats
  7 rat zombies (Ossuary)
82 creatures vanquished.

Vanquished Creatures (others)
  2 fungi (D:3)
  2 plants (D:3)
4 creatures vanquished.

Grand Total: 86 creatures vanquished

Notes
Turn   | Place    | Note
-------+----------+-------------------------------------------
     0 | D:1      | firemarshallily the Octopode Brigand began the quest for
                  | the Orb.
     0 | D:1      | Reached XP level 1. HP: 14/14 MP: 1/1
    97 | D:1      | Found Kesoyvodi's Weapon Shop.
   556 | D:1      | Reached XP level 2. HP: 19/19 MP: 2/2
   671 | D:1      | Found Mipruv's Weapon Shop.
   676 | D:1      | Found Memigh's Jewellery Shop.
  1250 | D:2      | Found Himimn's Book Shop.
  1413 | D:2      | Reached XP level 3. HP: 8/25 MP: 3/3
  2165 | D:3      | Reached skill level 6 in Stealth
  2165 | D:3      | Reached XP level 4. HP: 9/30 MP: 4/4
  2788 | D:3      | Reached XP level 5. HP: 36/36 MP: 5/5
  3162 | D:3      | Found a runed translucent gate.
  3315 | D:3      | Found a runed translucent gate.
  3315 | D:3      | Found a runed translucent gate.
  3315 | D:3      | Noticed a kobold brigand
  3315 | D:3      | Noticed CopperCrow's ghost (weakling PaWr)
  3641 | D:4      | Found a sand-covered staircase.
  3651 | Ossuary  | Entered an ossuary
  3956 | Ossuary  | Reached XP level 6. HP: 37/42 MP: 6/6
  4157 | Ossuary  | Reached skill level 7 in Stealth
  4182 | Ossuary  | Reached skill level 5 in Short Blades
  4453 | Ossuary  | Noticed Menkaure
  4525 | Ossuary  | HP: 1/43 [Menkaure (23)]
  4527 | Ossuary  | Mangled by Menkaure

Illustrated notes

Levels and vault maps discovered:
D:1:      minmay_arrival_three_doors, layout_loops_cross, serial_shops,
          nicolae_lakefront_shop, shop, nicolae_shop_advertising_works
          [nicolae_subvault_shop_adworks], kennysheep_pointless_box,
          glass_columns_b, fountainhead
D:2:      layout_loops_ring, serial_shops, shop
D:3:      layout_loops_corners, gammafunk_ghost_nasty_kobolds,
          kennysheep_generic_room_6
D:4:      layout_basic, lightli_ossuary_entry_decrepit_ruins
Ossuary:  ossuary_boxes_badplayer

Skill      XL: |  1  2  3  4  5  6 |
---------------+-------------------+-----
Short Blades   | 3 4 5 |  5.1
Stealth        | 6 7 |  7.1
Fighting       | 3 |  3.8
Throwing       | |  2.0
Dodging        | |  1.0

Action                   |  1- 3 |  4- 6 || total
-------------------------+-------+-------++-------
Melee: Dagger            |    47 |   101 ||   148
       Constrict         |     8 |    18 ||    26
       Tentacles         |     6 |    21 ||    27
       Punch             |     3 |     1 ||     4
  Use: Scroll            |     6 |     5 ||    11
       Potion            |       |     2 ||     2
 Stab: Sleeping          |    14 |    27 ||    41
Armor: Skin              |     1 |     3 ||     4
Dodge: Dodged            |    15 |    32 ||    47
